 Dungeon Crawl Stone Soup version 0.30-a0-1050-g2766ea1e55 (webtiles) character file.

Game seed: 6023591540654835100

22 Ic0nGaming the Cutter (level 3, -1/23 HPs)
             Began as a Kobold Fighter on Apr 10, 2023.
             Slain by a worm (7 damage)
             ... on level 2 of the Dungeon.
             The game lasted 00:01:12 (986 turns).

Ic0nGaming the Cutter (Kobold Fighter)               Turns: 986, Time: 00:01:12

Health: -1/23      AC:  6    Str: 15    XL:     3   Next: 7%
Magic:  3/3        EV: 10    Int:  9    God:
Gold:   72         SH:  5    Dex: 14    Spells: 2/2 levels left

rFire   . . .      SeeInvis .    a - +0 rapier
rCold   . . .      Faith    .    c - +1 buckler
rNeg    . . .      Spirit   .    b - +0 scale mail
rPois   .          Reflect  .    (no helmet)
rElec   .          Rampage  .    (no cloak)
rCorr   .                        (no gloves)
Will    .....                    (no boots)
Stlth   +                        (no amulet)
HPRegen 0.23/turn                (no ring)
MPRegen 0.08/turn                (no ring)

@: no status effects
A: small, no large weapons, nightstalker 3
a: no special abilities


You were on level 2 of the Dungeon.
You visited 1 branch of the dungeon, and saw 2 of its levels.

You collected 72 gold pieces.

Inventory:

Hand Weapons
 a - a +0 rapier (weapon)
Armour
 b - a +0 scale mail (worn)
 c - a +1 buckler (worn)
Jewellery
 j - a ring of protection from cold
Scrolls
 g - a scroll of poison
Potions
 d - a potion of might
 i - a potion of degeneration {unknown}
 k - a potion of invisibility {unknown}
 l - a potion of brilliance {unknown}
 m - 2 potions of attraction


   Skills:
 - Level 3.2 Fighting
 + Level 4.4 Short Blades
 - Level 2.4 Armour
 - Level 2.4 Shields


You had 2 spell levels left.
You didn't know any spells.
Your spell library contained the following spells:

 Spells                   Type           Power      Damage    Failure   Level
 Static Discharge         Conj/Air       0%         2-2/arc   98%         2
 Airstrike                Air            0%         2d(0-16)  100%        4
 Summon Lightning Spire   Summ/Air       0%         N/A       100%        4


Dungeon Overview and Level Annotations

Branches:
Dungeon (2/15)

Altars:


Innate Abilities, Weirdness & Mutations

You are small and have problems with some larger weapons.
You are completely attuned to the shadows.


Message History

Your surroundings suddenly seem different.
(D) Dungeon
Where to? (Enter - D:2, ? - help)
You see here a +0 robe.
There is a stone staircase leading down here.
You climb downwards.
There is a stone staircase leading up here.
A worm comes into view.
You completely miss the worm. The worm closely misses you.
You hit the worm but do no damage. The worm bites you.
You hit the worm.
The worm is moderately wounded.
You hit the worm but do no damage.
The worm is moderately wounded.
The worm misses you.
You hit the worm.
The worm is heavily wounded.
You hit the worm but do no damage.
The worm is heavily wounded.
The worm bites you!
You hit the worm but do no damage.
The worm is heavily wounded.
The worm bites you.
You are too injured to fight recklessly!
You are too injured to fight recklessly!
You puncture the worm!
The worm is almost dead.
You barely miss the worm.
The worm is almost dead.
The worm bites you.
* * * LOW HITPOINT WARNING * * *
You hit the worm.
The worm is almost dead.
The worm bites you but does no damage.
You hit the worm.
The worm is almost dead.
You hit the worm but do no damage.
The worm is almost dead.
The worm bites you!
You die...

...... #.##.#
#.##.#
####.##.#### ##.#
...........# ...
####.##.##.# #.# #
#.##.##.#.##$##.#.
#.##.<...>...@w...
#.#######.##.##.##
#.# #.##.##.# #.#
#.......#
#.##########.####
#............#
##############


You could see a worm.

Vanquished Creatures
  A dart slug (D:1)
  A ball python (D:1)
  2 endoplasms (D:1)
  A giant cockroach (D:1)
  6 goblins (D:1)
  3 jackals (D:1)
  A kobold (D:1)
  A rat (D:1)
16 creatures vanquished.

Notes
Turn   | Place    | Note
-------+----------+-------------------------------------------
     0 | D:1      | Ic0nGaming the Kobold Fighter began the quest for the Orb.
     0 | D:1      | Reached XP level 1. HP: 14/14 MP: 1/1
    51 | D:1      | Reached skill level 3 in Short Blades
   175 | D:1      | Reached XP level 2. HP: 15/19 MP: 2/2
   330 | D:1      | Reached skill level 4 in Short Blades
   521 | D:1      | Reached XP level 3. HP: 23/23 MP: 3/3
   986 | D:2      | Slain by a worm

Illustrated notes

Levels and vault maps discovered:
D:1:      lightli_arrival_statue_moat, layout_loops_ring, minmay_small_reverse_x
D:2:      layout_loops_ring, serial_shops, nicolae_diamond_shop, shop_statue

Skill      XL: |  1  2 |
---------------+-------+-----
Short Blades   | 3 4 |  4.4
Fighting       | |  3.2
Armour         | |  2.4
Shields        | |  2.4

Action                     || total
---------------------------++-------
  Melee: Rapier            ||    60
    Use: Scroll            ||     4
 Armour: Scale mail        ||    18
  Dodge: Dodged            ||    31
  Block: Buckler           ||     9

Table legend: (Time is in decaauts)
 A = Elapsed time spent in this place.
 B = Non-inter-level travel time spent in this place.
 C = Inter-level travel time spent in this place.
 D = Time resting spent in this place.
 E = Time spent auto-exploring this place.
 F = Levels seen in this place.
 G = Mean time per level.
                   A        B        C        D        E       F      G
               +--------+--------+--------+--------+--------+-----+--------+
         Total |    991 |    894 |     97 |     32 |    746 |   2 |  495.5 |
       Dungeon |    991 |    894 |     97 |     32 |    746 |   2 |  495.5 |
               +--------+--------+--------+--------+--------+-----+--------+

Top non-repeatable levels by time:
     D:1: 939 daAuts
     D:2: 51 daAuts
